 Dungeon Crawl Stone Soup version 0.28-a0-1389-gc726bef33b (webtiles) character file.

Game seed: 7618108469630944467

51 gruber the Caller (level 3, -2/24 HPs)
             Began as a Barachi Summoner on Jan 3, 2022.
             Slain by an adder (4 damage)
             ... on level 2 of the Dungeon.
             The game lasted 00:02:19 (1950 turns).

gruber the Caller (Barachi Summoner)                Turns: 1950, Time: 00:02:20

Health: -2/24      AC:  2    Str:  9    XL:     3   Next: 81%
Magic:  1/6        EV: 12    Int: 17    God:
Gold:   24         SH:  0    Dex: 12    Spells: 0/6 levels left

rFire   . . .      SeeInvis .   b - +0 dagger
rCold   . . .      Faith    .   (no shield)
rNeg    . . .      Spirit   .   a - +0 robe
rPois   .          Reflect  .   (no helmet)
rElec   .          Harm     .   (no cloak)
rCorr   .          Rampage  .   (no gloves)
Will    .....                   (no boots)
Stlth   ++........              h - amulet of the acrobat
HPRegen 0.08/turn               (no ring)
MPRegen 0.10/turn               (no ring)

@: lethally poisoned (-2 -> -3), slow
A: amphibious, slowness 1, strong legs 1, +LOS
a: Hop


You were on level 2 of the Dungeon.
You visited 1 branch of the dungeon, and saw 2 of its levels.

You collected 24 gold pieces.

Inventory:

Hand Weapons
 b - a +0 dagger (weapon)
Missiles
 d - 16 poisoned darts
Armour
 a - a +0 robe (worn)
Jewellery
 h - an amulet of the acrobat (around neck)
Scrolls
 f - a scroll of identify {unknown}
 g - a scroll of magic mapping {unknown}
Potions
 c - a potion of attraction {unknown}
 e - 2 potions of heal wounds {unknown}


   Skills:
 - Level 2.1 Dodging
 - Level 1.7 Stealth
 - Level 2.1 Spellcasting
 + Level 6.4 Summonings


You couldn't memorise any spells.
You knew the following spells:

 Your Spells              Type           Power      Damage    Failure   Level
a - Summon Small Mammal   Summ           92%        N/A       1%          1
b - Call Imp              Summ           23%        N/A       1%          2
c - Call Canine Familiar  Summ           23%        N/A       4%          3

Your spell library contained the following spells:

 Spells                   Type           Power      Damage    Failure   Level
 Summon Guardian Golem    Hex/Summ       12%        N/A       16%         3
 Animate Skeleton         Necr           2%         N/A       19%         1
 Apportation              Tloc           2%         N/A       19%         1
 Summon Lightning Spire   Summ/Air       12%        N/A       45%         4
 Orb of Destruction       Conj           0%         N/A       100%        7
 Spellforged Servitor     Conj/Summ      6%         N/A       100%        7


Dungeon Overview and Level Annotations

Branches:
Dungeon (2/15)

Altars:


Innate Abilities, Weirdness & Mutations

You are amphibious.
You cover ground slowly.
You can hop short distances.
You have an extended range of vision and can be seen from far away.


Message History

Unknown command.
Unknown command.
Unknown command.
You feel sick.
Your quokka barely misses the adder.
Something hits your quokka but does no damage.
Your crimson imp hits the worm.
Your rat barely misses the adder.
Something hits your quokka.
Casting: Summon Small Mammal (safe; 1% risk of failure)
Confirm with . or Enter, or press ? or * to list all spells.
You feel sick.
Your quokka disappears in a puff of smoke!
The adder bites you.
* * * LOW HITPOINT WARNING * * *
You are more poisoned.
The adder poisons you!
Your crimson imp blinks!
Your rat bites the adder but does no damage.
The adder closely misses you.
Unknown command.
Unknown command.
You swap places.
* * * LOW HITPOINT WARNING * * *
You feel sick. Something barely misses your rat.
Something completely misses your rat.
Unknown command.
Unknown command.
* * * LOW HITPOINT WARNING * * *
You feel sick.
Your crimson imp hits the goblin.
* * * LOW HITPOINT WARNING * * *
You feel sick.
Your crimson imp barely misses the goblin.
* * * LOW HITPOINT WARNING * * *
You feel sick.
You closely miss the adder.
The adder is moderately wounded.
* * * LOW HITPOINT WARNING * * *
You feel sick.
Your crimson imp disappears in a puff of smoke!
The adder bites you.
You die...

### #.####...####
... ##.## ##.##
###.###...# #.#
.........####.#
###>#.......##.####
.....†...w.w§r.)..#
#........S#g.##.#
#..##)..##.#r##.#
#. #...###r.S@.# ..
##.## #..#### ##
#.# #..# # ##.##
#..# #.##...###..#
#........#..#
####...#.#..#
##.##.#..#
##.##.#..########


You could see a worm, an adder (ally target), a goblin and 2 friendly rats.

Vanquished Creatures
  A giant cockroach (D:2)
  A hobgoblin (D:1)
  A quokka (D:1)
  4 bats
  A frilled lizard (D:1)
  2 goblins
  4 kobolds
  A rat (D:1)
15 creatures vanquished.

Vanquished Creatures (collateral kills)
  An adder (D:2)
  A worm (D:2)
  A dart slug (D:1)
  A bat (D:1)
  3 endoplasms
  2 giant cockroaches (D:1)
  3 hobgoblins (D:1)
  A quokka (D:2)
  A frilled lizard (D:1)
  3 kobolds
  2 rats (D:1)
19 creatures vanquished.

Grand Total: 34 creatures vanquished

Notes
Turn   | Place    | Note
-------+----------+-------------------------------------------
     0 | D:1      | gruber the Barachi Summoner began the quest for the Orb.
     0 | D:1      | Reached XP level 1. HP: 13/13 MP: 3/3
    93 | D:1      | Reached skill level 5 in Summonings
   298 | D:1      | Reached XP level 2. HP: 16/19 MP: 3/5
  1060 | D:1      | Reached XP level 3. HP: 22/24 MP: 3/6
  1068 | D:1      | Reached skill level 6 in Summonings
  1452 | D:2      | Learned a level 2 spell: Call Imp
  1456 | D:2      | Learned a level 3 spell: Call Canine Familiar
  1950 | D:2      | Slain by an adder

Illustrated notes

Levels and vault maps discovered:
D:1:      minmay_arrival_cross, layout_rooms
D:2:      layout_loops_ring

Skill      XL: |  1  2  3 |
---------------+----------+-----
Summonings     | 5 6 |  6.4
Dodging        | |  2.1
Stealth        | |  1.7
Spellcasting   | |  2.1

Action                   || total
-------------------------++-------
Melee: Unarmed           ||    28
       Dagger            ||    85
 Cast: Summon Small Mamm ||    43
       Call Imp          ||     2
 Stab: Distracted        ||     2
       Sleeping          ||     4
Armor: Robe              ||    31
Dodge: Dodged            ||   115

Table legend: (Time is in decaauts)
 A = Elapsed time spent in this place.
 B = Non-inter-level travel time spent in this place.
 C = Inter-level travel time spent in this place.
 D = Time resting spent in this place.
 E = Time spent auto-exploring this place.
 F = Levels seen in this place.
 G = Mean time per level.
                   A        B        C        D        E       F      G
               +--------+--------+--------+--------+--------+-----+--------+
         Total |   2073 |   2009 |     64 |      0 |   1648 |   2 | 1036.5 |
       Dungeon |   2073 |   2009 |     64 |      0 |   1648 |   2 | 1036.5 |
               +--------+--------+--------+--------+--------+-----+--------+

Top non-repeatable levels by time:
     D:1: 1420 daAuts
     D:2: 652 daAuts
